Cogmind - Beta 11 X8 @@@ ROGUE MODE // 2021.10.25 @ 18:39:25 Player: Runia Result: Destroyed by G-47 Trooper with Particle Gun Performance ------------- Evolutions (0) 0 Regions Visited (2) 400 Robots Destroyed (27) 135 Value Destroyed (542) 542 Prototype IDs (1) 20 Alien Tech Used (0) 0 Bonus (-90) -90 TOTAL SCORE: 1007 Bonus ------- Friendly Fire -90 Cogmind --------- Core Integrity 0/250 Matter 84/300 Energy 280/280 System Corruption 0% Temperature Cool (9) Movement Core (900) Ox17 Location -10/Mines Parts ------- > --- POWER (1) -------- Heavy Ion Engine > --- PROPULSION (2) --- Compact Wheel > --- UTILITY (2) ------ High-capacity Storage Unit > --- WEAPON (2) ------- Assault Rifle Grenade Launcher > --- INVENTORY (20) --- Heavy Ion Engine Light Treads Light Treads Light Treads Compact Wheel Combat Airjet Cooling System Cooling System High-capacity Matter Pod (200) Armor Integrity Analyzer Armor Integrity Analyzer Hacking Suite Medium Laser Light Assault Rifle Light Assault Rifle Rocket Launcher Rocket Launcher Rocket Launcher Rocket Launcher Peak State ------------ > --- POWER ------------ Heavy Ion Engine > --- PROPULSION ------- Light Treads Compact Wheel > --- UTILITY ---------- High-capacity Storage Unit Visual Processing Unit > --- WEAPON ----------- Assault Rifle Assault Rifle > --- INVENTORY -------- Heavy Ion Engine Light Treads Light Treads Light Treads Compact Wheel Cooling System Cooling System High-capacity Matter Pod Armor Integrity Analyzer Armor Integrity Analyzer Hacking Suite Medium Laser Light Assault Rifle Light Assault Rifle Grenade Launcher Rocket Launcher Rocket Launcher Rocket Launcher Rocket Launcher [Rating: 13] Favorites ----------- Power Ion Engine Engine Ion Engine Propulsion Light Treads Treads Light Treads Leg Aluminum Leg Wheel Compact Wheel Utility Visual Processing Unit Storage High-capacity Storage Unit Processor Visual Processing Unit Weapon Assault Rifle Energy Gun Medium Laser Ballistic Gun Assault Rifle Launcher Rocket Launcher Build | -11 -10 -10 ------- Run | Scr Mat Min Slots Evolved . | . . . Power . | . . . Propulsion . | . . . Utility . | . . . Weapon . | . . . Parts Attached 21 | . 19 2 Power 3 | . 3 . Engine 3 | . 3 . Core . | . . . Reactor . | . . . Propulsion 4 | . 4 . Treads 3 | . 3 . Leg . | . . . Wheel 1 | . 1 . Hover . | . . . Flight . | . . . Utility 2 | . 2 . Device . | . . . Storage 1 | . 1 . Processor 1 | . 1 . Hackware . | . . . Protection . | . . . Artifact . | . . . Weapon 12 | . 10 2 Energy Gun . | . . . Energy Cannon . | . . . Ballistic Gun 7 | . 6 1 Ballistic Cannon . | . . . Launcher 5 | . 4 1 Special Weapon . | . . . Impact Weapon . | . . . Slashing Weapon . | . . . Piercing Weapon . | . . . Special Melee Weapon . | . . . Unidentified Prototypes 1 | . 1 . Parts Lost 2 | . . 2 Power . | . . . Propulsion 1 | . . 1 Utility . | . . . Weapon 1 | . . 1 Highest Loss Streak 1 | . . 1 Average Slot Usage (%) 98 | . 98 97 Engine 13 | . 13 14 Treads 17 | . 18 12 Wheel 9 | . 8 14 Storage 14 | . 14 14 Processor 13 | . 13 12 Ballistic Gun 26 | . 27 26 Naked Turns . | . . . Heaviest Build 52 | 14 52 52 Greatest Support 40 | 20 40 16 Greatest Overweight (x) 3 | . 3 3 Average Overweight (x) 2 | . 2 3 Largest Inventory Capacity 20 | 8 20 20 Average Capacity 17 | 8 17 20 Most Carried 19 | 5 19 19 Average Carried 12 | 4 12 18 Final Capacity 20 | 8 20 20 Final Carried 19 | 4 19 19 Class Distribution -------------------- 100% | Mutant Dominant Class ---------------- Mutant | -10/Materials Mutant | -10/Mines Resources | -11 -10 -10 ----------- Run | Scr Mat Min Matter Collected 869 | 200 608 61 Remotely . | . . . Salvage Created 840 | . 696 144 Parts 53 | . 46 7 Haulers Intercepted 1 | . 1 . Recyclers Shooed 6 | . 5 1 Parts Field Recycled . | . . . Retrieved Matter . | . . . Parts Self-Destructed . | . . . Prevented . | . . . Kills | -11 -10 -10 ------- Run | Scr Mat Min Combat Hostiles Destroyed 13 | . 10 3 Guns 7 | . 5 2 AOE 6 | . 5 1 Classes Destroyed 9 | . 8 1 Worker 3 | . 2 1 Builder 1 | . 1 . Hauler 1 | . 1 . Recycler 4 | . 4 . Operator 2 | . 2 . Watcher 3 | . 3 . Swarmer 3 | . 3 . Grunt 8 | . 7 1 Demolisher 2 | . . 2 Best Kill Streak 5 | . 5 2 Combat Bots Only 3 | . 3 2 Max Kills in Single Turn 2 | . 2 2 Gunslinging . | . . . Exploded 1 | . 1 1 Melee . | . . . Uniques/NPCs Destroyed . | . . . Combat | -11 -10 -10 -------- Run | Scr Mat Min Damage Taken 835 | . 350 485 Core 253 | . 23 230 Absorbed by Shields . | . . . Core Remaining (%) 100 | 100 . . Volleys Fired 67 | . 52 15 Largest 2 | . 2 2 Hottest 40 | . 40 40 Shots Fired 119 | . 92 27 Gun 104 | . 80 24 Cannon . | . . . Launcher 15 | . 12 3 Special . | . . . Kinetic 104 | . 80 24 Thermal . | . . . Explosive 15 | . 12 3 Electromagnetic . | . . . Robot Hit Streak 10 | . 10 5 Robot Miss Streak 4 | . 3 4 Penetration Max . | . . . Secondary Targets 1 | . . 1 Max Gunslinging Chain 1 | . . 1 Shots Hit Robots 71 | . 56 15 Core Hits 47 | . 34 13 Critical Kills . | . . . Critical Parts Destroyed . | . . . Critical Strikes . | . . . Melee Attacks . | . . . Impact . | . . . Slashing . | . . . Piercing . | . . . Sneak Attacks . | . . . Combat Hostiles . | . . . Follow-up Attacks . | . . . Damage Inflicted 1644 | . 1317 327 Guns 822 | . 651 171 Cannons . | . . . Explosions 822 | . 666 156 Melee . | . . . Ramming . | . . . Kinetic 822 | . 651 171 Thermal . | . . . Explosive 822 | . 666 156 Electromagnetic . | . . . Impact . | . . . Slashing . | . . . Piercing . | . . . Highest Corruption . | . . . Average Corruption . | . . . Corruption Purged . | . . . Overload Shots . | . . . Overflow Damage 63 | . 63 . Projectiles . | . . . Explosions 63 | . 63 . Melee . | . . . Knockbacks . | . . . Impact . | . . . Kinetic . | . . . Secondary . | . . . Self-Inflicted Damage 63 | . 60 3 Shots 3 | . 2 1 Rammed . | . . . Targets Rammed . | . . . Kicked . | . . . Crushed . | . . . Highest Temperature 210 | . 210 8 Average Temperature 31 | . 54 2 Received Heat Transfer 189 | . 138 51 Siege Activations . | . . . Robots Corrupted . | . . . Combat Hostiles . | . . . Parts Fried . | . . . Impact Corruptions . | . . . Robots Melted . | . . . Combat Hostiles . | . . . Parts Melted . | . . . Heat Transferred . | . . . Parts Sabotaged . | . . . Parts Stolen . | . . . Parts Stripped . | . . . Power Chain Reactions . | . . . Missiles Intercepted . | . . . Alert | -11 -10 -10 ------- Run | Scr Mat Min Peak Influence 185 | . 185 72 Initial 72 | . . 72 Average 88 | . 92 54 Maximum Alert Level . | . . . Low Security (%) 100 | 100 100 100 Level 1 . | . . . Level 2 . | . . . Level 3 . | . . . Level 4 . | . . . Level 5 . | . . . High Security . | . . . Max Security . | . . . Squads Dispatched 3 | . 3 . Investigation 2 | . 2 . Extermination . | . . . Reinforcement 1 | . 1 . Assault . | . . . Garrison . | . . . Intercept . | . . . Construction Impeded . | . . . Haulers Reinforced . | . . . Active Scanning Responses . | . . . Cargo Convoy Interrupts . | . . . Stealth | -11 -10 -10 --------- Run | Scr Mat Min Distress Signals 2 | . 2 . Communications Jammed . | . . . Distress Signals . | . . . Times Spotted 23 | . 18 5 Peak Tracking Total 4 | . 4 2 Tactical Retreats 1 | . 1 . Traps | -11 -10 -10 ------- Run | Scr Mat Min Traps Triggered 1 | . 1 . Indirectly . | . . . Trap Hack Attempts . | . . . Triggered . | . . . Disarmed . | . . . Reprogrammed . | . . . Reused . | . . . Traps Extracted . | . . . Installed . | . . . Triggered . | . . . Machines | -11 -10 -10 ---------- Run | Scr Mat Min Machines Disabled 1 | . 1 . Max in Single Turn 1 | . 1 . Machines Sabotaged . | . . . Garrisons Compromised . | . . . Overloaded Fab Kills . | . . . Hacking | -11 -10 -10 --------- Run | Scr Mat Min Machines Accessed 10 | . 10 . Terminals 7 | . 7 . Fabricators . | . . . Repair Stations 1 | . 1 . Recycling Units 2 | . 2 . Scanalyzers . | . . . Garrison Access . | . . . Total Hacks 18 | . 18 . Successful 15 | . 15 . Failed 3 | . 3 . Catastrophic 1 | . 1 . Database Lockouts . | . . . Manual 6 | . 6 . Terminals 14 | . 14 . Fabricators . | . . . Repair Stations 2 | . 2 . Recycling Units 2 | . 2 . Scanalyzers . | . . . Garrison Access . | . . . Terminal Hacks 9 | . 9 . Branch Access Points 1 | . 1 . Unreport Threat 1 | . 1 . Locate Traps 4 | . 4 . Recall Investigation 1 | . 1 . Hauler Manifests 1 | . 1 . Zone Layout 1 | . 1 . Fabricator Hacks . | . . . Repair Station Hacks 2 | . 2 . Scan Component 1 | . 1 . Repair 1 | . 1 . Recycling Unit Hacks . | . . . Scanalyzer . | . . . Garrison Access Hacks . | . . . Unauthorized Hacks 4 | . 4 . Terminals 2 | . 2 . Assimilate 1 | . 1 . Operators 1 | . 1 . Fabricators . | . . . Repair Stations . | . . . Recycling Units 2 | . 2 . Tunnel 2 | . 2 . Scanalyzers . | . . . Garrison Access . | . . . Data Cores Recovered . | . . . Used . | . . . Hacking Detections 8 | . 8 . Full Trace Events . | . . . Feedback Events . | . . . Feedback Blocked . | . . . Robot Schematics Acquired . | . . . Robots Built . | . . . Authchips . | . . . Time . | . . . Total Robot Build Rating . | . . . Part Schematics Acquired . | . . . Parts Built . | . . . Authchips . | . . . Time . | . . . Total Part Build Rating . | . . . Parts Repaired 1 | . 1 . Time 26 | . 26 . Parts Recycled . | . . . Recycled Matter . | . . . Retrieved Matter . | . . . Retrieved Components . | . . . Parts Scanalyzed . | . . . Part Schematics Acquired . | . . . Parts Damaged . | . . . Bothacking | -11 -10 -10 ------------ Run | Scr Mat Min Used RIF Installer . | . . . Robots Hacked . | . . . Non-combat . | . . . Combat . | . . . Robot Hacks Applied . | . . . Relay Couplers Released . | . . . Robots Rewired . | . . . Allies Hacked . | . . . Hacks Repelled . | . . . Allies | -11 -10 -10 -------- Run | Scr Mat Min Total Allies 4 | . 1 3 Largest Group 3 | . 1 3 Highest-Rated Group 40 | . 10 40 Highest-Rated Ally 16 | . 10 16 Total Orders 1 | . . 1 ROAM 1 | . . 1 Ally Attacks 1 | . . 1 Total Damage 18 | . . 18 Kills . | . . . Allies Corrupted . | . . . Allies Melted . | . . . Intel | -11 -10 -10 ------- Run | Scr Mat Min Robot Analysis Total . | . . . Derelict Logs Recovered . | . . . Drone Launches . | . . . Drone Recoveries . | . . . Exploration | -11 -10 -10 ------------- Run | Scr Mat Min Turns Passed 1249 | 2 1118 129 Spaces Moved 618 | 1 564 53 Core . | . . . Treads 157 | . 157 . Legs 28 | 1 27 . Wheels 433 | . 380 53 Hover . | . . . Flight . | . . . Fastest Speed 120 | 120 120 145 Average Speed 155 | 120 156 145 Slowest Speed 240 | 120 240 145 Overloaded Moves . | . . . Propulsion Burnouts . | . . . Robots Hopped . | . . . Cave-ins Triggered . | . . . Exploration Rate (%) 40 | 2 94 26 Regions Visited 2 Branch Regions 1 Pre-discovered Areas 2 | . 2 . Known Exits Taken 1 | . 1 . Unknown Exits Taken 1 | 1 . . Scrap Searched . | . . . Spaces Dug 38 | . 38 . Terrain Destroyed 91 | . 66 25 Melee . | . . . Projectile . | . . . AOE 91 | . 66 25 Terrain Rammed . | . . . Walls Destroyed . | . . . Machines Disabled . | . . . Actions | -11 -10 -10 --------- Run | Scr Mat Min Total 788 | 2 706 80 Wait 45 | . 37 8 Move 616 | . 563 53 Hop . | . . . Pick Up 25 | . 24 1 Fast Attach 4 | . 4 . Attach 1 | . . 1 Detach . | . . . Swap 16 | . 15 1 Drop 14 | 2 11 1 Fire 67 | . 52 15 Melee . | . . . Ram . | . . . Kick . | . . . Crush . | . . . Escape Stasis . | . . . Rewire . | . . . Trap . | . . . Miscellaneous . | . . . Route ------- -11/Scrapyard -10/Materials (discovered 4 exits: [*Mat x2] / *Min x2) -10/Mines History --------- Turn | Location | Event 3 | -11/Scrapyard | Discovered new exit (range 0) 3 | -11/Scrapyard | Entered Materials 173 | -10/Materials | Discovered new exit (range 17) 313 | -10/Materials | Build established: Mutant 427 | -10/Materials | Repaired Lgt. Treads 687 | -10/Materials | Identified exit to Mines 696 | -10/Materials | Discovered new exit (range 3) 1121 | -10/Materials | Entered Mines 1145 | -10/Mines | Assisted by bots powering up and referring to "LRC-V3" 1149 | -10/Mines | Assembled infested the area 1154 | -10/Mines | Assisted by a Guerilla fighting off Assembled 1195 | -10/Mines | Core integrity fell below 50% 1244 | -10/Mines | Core integrity fell below 20% 1250 | -10/Mines | Destroyed by G-47 Trooper with Particle Gun Last Messages --------------- 01229_ K-01 Serf collects debris. 01230_ U-05 Engineer lays Concrete. 01231_ U-05 Engineer builds a Wall. 01232_ U-05 Engineer lays Concrete. 01234_ K-01 Serf collects debris. 01235_ U-05 Engineer lays Concrete. 01236_ G-47 Trooper misfires. 01236_ U-05 Engineer lays Concrete. 01238_ K-01 Serf collects debris. 01238_ U-05 Engineer lays Concrete. 01241_ Lgt. Treads destroyed. 01242_ K-01 Serf collects debris. 01243_ U-05 Engineer lays Concrete. 01244_ G-47 Trooper IFF system glitched. 01245_ U-05 Engineer lays Concrete. 01246_ G-34 Mercenary destroyed. 01246_ K-01 Serf destroyed. 01247_ U-05 Engineer lays Concrete. 01248_ Discarded Visual Processing Unit. 01250_ U-05 Engineer lays Concrete. Map ----- +----------------------------------------------------+ | ???????????????????????# #?????????????????????? | | ???????????????????????# #####?????????????????? | | ??????????????????????## # ##????????????????? | | ???????????????????#### ####?????????????? | | ?????????????????### # ##????????????? | | ????????????????## ##???????????? | | ?????????????##### ## #???????????? | | ????????????## ##### #???????????? | | ????????????# #???## #???????????? | | ????????????# ##????## ##???????????? | | ????????????# #?????# ##????###?????? | | ????????????# ##?????# #????# ##????? | | ????????????## # ## ##??????# #??## ##???? | | ?????????????##### = ##???????# #### #???? | | ?????????????????## #???????# #???? | | ??????????????????# ! #???????# #???? | | ??????????????????# # % ####????####### #???? | | ??????????????????# =% # #??????????## #???? | | ??????????????????# #???????????? #???? | | ??????????????????# # #????????????# ##???? | | ???????? ???????### ##??????????##? ##????? | | ?????? ###??## #???????? ?? #?????? | | ?????? # #????? #????? #?????? | | ?????? % ###### ###?????? #?????? | | ???????????# % # ! #?????? #?????? | | ???????????## @ %% % #?????? | | ????????????# g ??????? | | ????????????## % u % % % ###?????????? | | ?????????????## ## ### #???????????? | | ??????????????# # # ###???????????????? | | ??????????????# ? #? ###?????????????????? | | ?????????????# #% ?#?? #???????????????????? | | ?????????????### ???? #???????????????????? | | ???????????????# ???? #???????????????????? | | ??????????????# ???? #???????????????????? | | ????????????? r ????# #???????????????????? | | ???????????? ?????###???????????????????? | | ???????????? #???????????????????????????? | | ????????????? ????????????????????????????? | | ??????????????????? ????????????????????????????? | | ?????????????????????????????????????????????????? | | ?????????????????????????????????????????????????? | | ?????????????????????????????????????????????????? | | ?????????????????????????????????????????????????? | | ?????????????????????????????????????????????????? | | ?????????????????????????????????????????????????? | | ?????????????????????????????????????????????????? | | ?????????????????????????????????????????????????? | | ?????????????????????????????????????????????????? | | ?????????????????????????????????????????????????? | +----------------------------------------------------+ Best States ------------- Heat Dissipation 25 Energy Generation 14 Energy Capacity 280 Matter Stores 300 Matter Capacity 300 Sight Range 18 Terrain Scan Density 10 Evasion (%) 55 Recoil Reduction 2 Item Schematics ----------------- None Robot Schematics ------------------ None Fabricated ------------ Nothing Alien Tech Used ----------------- None Achievements -------------- None Challenges ------------ None Game ------ Seed SwarmLightningRouter Manual? 0 Play Time 00:10:34 Cumulative 403.2 hours Start 2021.10.25 @ 16:35:24 End 2021.10.25 @ 18:39:25 Sessions 2 Manual Loads 0 Difficulty Rogue Special Mode None Game No. 411 Rogue 411 Adventurer 0 Explorer 0 Win Type - Total 7 Types 6/0/0/1/0/0/0/0/0 Lore% 79 Gallery% 91 Achievement% 69 Wizard Run 0 Options --------- ASCII 0 Keyboard 0 Movement Mouse Keybinds 1 Fullscreen 2 Font 24/Smallcaps Map View 76x50 Tactical HUD 1 Map Filters NONE Filters NONE Steam 1 RUN: e23ebaa6-3a6c-4011-af5a-551e5a2ed72a